 Dungeon Crawl Stone Soup version 0.30.0-21-gd299b56b3f (webtiles) character file.

Game seed: 485149946409008535

979 qw the Fighter (level 8, -1/63 HPs)
             Began as a Gargoyle Fighter on June 2, 2023.
             Was an Initiate of Okawaru.
             Slain by a kobold brigand
             ... wielding a +0 dagger
              (5 damage)
             ... on level 5 of the Dungeon.
             The game lasted 00:03:05 (4859 turns).

qw the Fighter (Gargoyle Fighter)                   Turns: 4859, Time: 00:03:05

Health: -1/63      AC: 17    Str: 21    XL:     8   Next: 17%
Magic:  9/9        EV:  5    Int: 10    God:    Okawaru [......]
Gold:   111        SH:  0    Dex:  9    Spells: 7/7 levels left

rFire   . . .        Y - +3 war axe
rCold   . . .        c - +0 buckler
rNeg    + . .        b - +0 scale mail
rPois   inf          n - +2 helmet
rElec   +            p - +0 cloak
rCorr   .            (no gloves)
SInv    .            g - +0 pair of boots
Will    .....        (no amulet) Stlth
                     (no ring)
HPRegen 0.30/turn    (no ring)
MPRegen 0.11/turn

%: no passive effects
@: held
A: sickness immunity, AC +5, negative energy resistance 1, electricity
resistance, torment resistance 1, petrification resistance
a: Renounce Religion


You were on level 5 of the Dungeon.
You worshipped Okawaru.
Okawaru was noncommittal.
You visited 1 branch of the dungeon, and saw 5 of its levels.
You also visited: Sewer.

You collected 306 gold pieces.
You spent 195 gold pieces at shops.


Innate Abilities, Weirdness & Mutations

You are immune to sickness and miasma.
Your stone body is resilient. (AC +5)
You are immune to poison.
You resist negative energy. (rN+)
You are resistant to electric shocks. (rElec)
You are resistant to unholy torment.
You are immune to petrification.


   Skills:
 - Level 13.3 Fighting
 + Level 6.4 Axes
 - Level 3.2 Armour
 - Level 1.0 Dodging
 - Level 3.2 Shields
 - Level 1.8 Invocations


You had 7 spell levels left.
You didn't know any spells.
Your spell library was empty.

Inventory:

Hand Weapons
 q - the +0 whip of the Desolation of Salt {vamp, rElec Str-2 SInv}
   (You found it on level 3 of the Dungeon)

   Str:       It affects your strength (-2).
   rElec:     It insulates you from electricity.
   SInv:      It lets you see invisible.
 Y - a +3 war axe (weapon)
Armour
 b - a +0 scale mail (worn)
 c - a +0 buckler (worn)
 g - a +0 pair of boots (worn)
 i - a +0 chain mail
 n - a +2 helmet (worn)
 p - a +0 cloak (worn)
Jewellery
 e - a ring of see invisible
 f - a ring of fire
Scrolls
 k - 5 scrolls of identify
 l - a scroll of vulnerability {unknown}
Potions
 a - a potion of attraction
 d - a potion of might
 h - a potion of haste
 j - a potion of lignification {unknown}
 r - a potion of mutation {unknown}
 t - a potion of curing

Dungeon Overview and Level Annotations

Branches:
Dungeon (5/15)              Sewer (visited)
 Temple: D:4-7

Altars:
Fedhas
Kikubaaqudgha
Okawaru
Ru
Trog
Yredelemnul

Shops:
D:5 =

Annotations:
D:3 1 runed translucent door, Crazy Yiuf


Message History

The kobold brigand hits you but does no damage.
The frilled lizard bites something but does no damage.
4849 ||| UPGRADING to +0 chain mail.
The kobold hits you but does no damage.
You stop removing your armour.
The kobold brigand barely misses you.
The frilled lizard bites something but does no damage.
The kobold hits you with a +0 short sword.
The kobold brigand hits you but does no damage.
The frilled lizard bites something.
The kobold hits you with a +0 short sword.
The kobold brigand hits you with a +0 dagger.
The frilled lizard bites something but does no damage.
The kobold closely misses you.
The kobold brigand hits you with a +0 dagger.
The frilled lizard completely misses something.
The rat bites something but does no damage.
The kobold barely misses you.
The kobold brigand hits you but does no damage.
The frilled lizard bites something.
The rat bites something but does no damage.
The kobold hits you but does no damage.
The kobold brigand completely misses you.
The frilled lizard bites something but does no damage.
The rat bites something but does no damage.
The kobold barely misses you.
The kobold brigand hits you but does no damage.
The frilled lizard bites something but does no damage.
The rat bites something.
The kobold hits you but does no damage.
The kobold brigand hits you but does no damage.
The frilled lizard bites something but does no damage.
The rat bites something.
The kobold hits you but does no damage.
The kobold brigand hits you with a +0 dagger.
The frilled lizard bites something but does no damage.
The rat bites something but does no damage.
The kobold hits you but does no damage.
The kobold brigand hits you but does no damage.
The frilled lizard bites something but does no damage.
The rat bites something.
The kobold hits you but does no damage.
The kobold brigand hits you with a +0 dagger.
You die...

##.##..#.#######.
##..##..#.# ##
#..###....#######
#.## #.##.......#
#.# ##########.#
#.# #### #.# #
#.# # #@#
#KKlr..ยค.
###l.....


PP.... ##... 77 You could see a kobold brigand, a kobold, 2 frilled lizards and
a rat.

Vanquished Creatures
  An ice beast (D:5)
  A centaur (D:5)
  2 scorpions (D:4)
  2 hounds (D:4)
  2 orc priests (D:4)
  Jessica (D:3)
  Natasha (D:2)
  Robin (D:3)
  7 gnolls
  10 adders
  5 river rats
  A shadow imp (D:5)
  4 worms
  13 orcs
  12 bats
  A bat zombie (D:3)
  9 endoplasms
  3 giant cockroaches
  16 goblins
  4 hobgoblins
  A jackal (Sewer)
  9 quokkas
  13 ball pythons
  5 frilled lizards
  6 kobolds
  7 rats
  2 rat zombies (D:3)
139 creatures vanquished.

Notes
Turn   | Place    | Note
-------+----------+-------------------------------------------
     0 | D:1      | qw the Gargoyle Fighter began the quest for the Orb.
     0 | D:1      | Reached XP level 1. HP: 14/14 MP: 1/1
     0 | D:1      | 0 ||| qw: Version: 0.2-a-102-gdf20003
     0 | D:1      | 0 ||| qw: Game counter: 838
     0 | D:1      | 0 ||| qw: Always use a shield: true
     0 | D:1      | 0 ||| qw: God list: Okawaru
     0 | D:1      | 0 ||| qw: Allow faded altars: false
     0 | D:1      | 0 ||| qw: Do Orc after D:15 true
     0 | D:1      | 0 ||| qw: Do second Lair branch before Depths: true
     0 | D:1      | 0 ||| qw: Lair rune preference: random
     0 | D:1      | 0 ||| qw: Plans: Normal, Zot:1-4, Slime:5, God:TSO, Crypt,
                  | Tomb, Pan, Hells, Abyss, Win
     0 | D:1      | 0 ||| PLANNING D:1-11
    87 | D:1      | Reached XP level 2. HP: 19/19 MP: 2/2
   412 | D:1      | Reached skill level 3 in Axes
   420 | D:1      | 420 ||| DROPPING +0 club.
   472 | D:1      | 472 ||| READING 2 scrolls labelled HITTAR AN PAJ.
   473 | D:1      | 473 ||| READING scroll of enchant weapon.
   473 | D:1      | 473 ||| ENCHANTING +1 war axe.
   474 | D:1      | 474 ||| READING scroll labelled UCWAYF ZUMAO.
   475 | D:1      | 475 ||| READING 2 scrolls labelled BOGOMIT KOLI.
   476 | D:1      | 476 ||| DRINKING 3 emerald potions.
   477 | D:1      | 477 ||| DROPPING 2 potions of brilliance.
   510 | D:2      | Reached XP level 3. HP: 23/23 MP: 3/3
   541 | D:2      | 541 ||| Stepping ~*~*~tactically~*~*~ (stealth).
  1171 | D:2      | Reached XP level 4. HP: 27/28 MP: 4/4
  1265 | D:2      | 1265 ||| READING scroll of enchant weapon.
  1265 | D:2      | 1265 ||| ENCHANTING +2 war axe.
  1372 | D:2      | Noticed Natasha
  1381 | D:2      | Killed Natasha
  1572 | D:2      | 1572 ||| UPGRADING to +0 pair of boots.
  1577 | D:2      | 1577 ||| UPGRADING to +1 helmet.
  1582 | D:2      | 1582 ||| READING scroll labelled KUAGARIYLU.
  1645 | D:3      | 1645 ||| DROPPING +0 whip.
  1685 | D:3      | 1685 ||| Stepping ~*~*~tactically~*~*~ (stealth).
  1864 | D:3      | Identified the +0 whip of the Desolation of Salt {vamp,
                  | rElec Str-2 SInv}
  1866 | D:3      | 1866 ||| DROPPING +1 mace of protection.
  1939 | D:3      | Noticed Jessica
  1941 | D:3      | 1941 ||| Stepping ~*~*~tactically~*~*~ (hiding).
  1942 | D:3      | 1942 ||| Stepping ~*~*~tactically~*~*~ (hiding).
  1948 | D:3      | Killed Jessica
  1949 | D:3      | Reached XP level 5. HP: 31/32 MP: 5/5
  2161 | D:3      | Noticed Robin
  2162 | D:3      | 2162 ||| Stepping ~*~*~tactically~*~*~ (stealth).
  2163 | D:3      | 2163 ||| Stepping ~*~*~tactically~*~*~ (stealth).
  2165 | D:3      | Killed Robin
  2257 | D:3      | Found a runed translucent door.
  2258 | D:3      | Noticed Crazy Yiuf
  2455 | D:3      | Found a bloodstained altar of Trog.
  2518 | D:3      | Found a blossoming altar of Fedhas.
  2667 | D:3      | Found an ancient bone altar of Kikubaaqudgha.
  2721 | D:3      | 2721 ||| UPGRADING to +0 cloak.
  2726 | D:3      | 2726 ||| READING scroll labelled ZUOMUU FIALONN.
  2727 | D:3      | 2727 ||| READING 2 scrolls labelled GYULIH ZEASU.
  2728 | D:3      | 2728 ||| READING scroll labelled TEAFIEZUSI.
  2798 | D:3      | 2798 ||| DRINKING 2 coppery potions.
  2799 | D:3      | 2799 ||| DRINKING 2 blue potions.
  2800 | D:3      | 2800 ||| DRINKING 3 murky green potions.
  2801 | D:3      | 2801 ||| DRINKING 2 golden potions.
  2802 | D:3      | 2802 ||| READING 2 scrolls of identify.
  2802 | D:3      | 2802 ||| IDENTIFYING clear potion
  2803 | D:3      | 2803 ||| DRINKING potion of experience.
  2803 | D:3      | Reached skill level 13 in Fighting
  2803 | D:3      | Reached XP level 6. HP: 52/52 MP: 6/6
  2804 | D:3      | 2804 ||| DROPPING potion of invisibility.
  2805 | D:3      | 2805 ||| DROPPING potion of magic.
  2806 | D:3      | 2806 ||| DROPPING 2 potions of flight.
  2807 | D:3      | 2807 ||| DROPPING scroll of noise.
  2878 | D:4      | 2878 ||| PLANNING SEWER
  2891 | D:4      | Found a glowing drain.
  2921 | D:4      | 2921 ||| Stepping ~*~*~tactically~*~*~ (water).
  2933 | Sewer    | Entered a sewer
  2970 | Sewer    | 2970 ||| Stepping ~*~*~tactically~*~*~ (water).
  3118 | Sewer    | Reached skill level 1 in Dodging
  3174 | Sewer    | 3174 ||| DRINKING 3 cyan potions.
  3182 | D:4      | 3182 ||| PLANNING D:1-11
  3204 | D:4      | Reached XP level 7. HP: 57/57 MP: 7/7
  3233 | D:4      | Found an iron altar of Okawaru.
  3234 | D:4      | 3234 ||| PLANNING OKAWARU WORSHIP
  3254 | D:4      | Became a worshipper of Warmaster Okawaru
  3254 | D:4      | 3254 ||| PLANNING D:1-11
  3299 | D:4      | 3299 ||| READING scroll of enchant armour.
  3299 | D:4      | 3299 ||| ENCHANTING +1 helmet.
  3305 | D:4      | Found a basalt altar of Yredelemnul.
  3380 | D:4      | 3380 ||| Stepping ~*~*~tactically~*~*~ (hiding).
  3466 | D:4      | 3466 ||| Stepping ~*~*~tactically~*~*~ (hiding).
  3478 | D:4      | 3478 ||| FLEEEEING.
  3479 | D:4      | 3479 ||| Stepping ~*~*~tactically~*~*~ (hiding).
  3480 | D:4      | 3480 ||| FLEEEEING.
  3836 | D:4      | Reached skill level 6 in Axes
  3931 | D:4      | 3931 ||| READING scroll labelled APRUZAITIS.
  3932 | D:4      | 3932 ||| READING scroll labelled FERETO FUIWK.
  3933 | D:4      | 3933 ||| DRINKING 2 lumpy ruby potions.
  3934 | D:4      | 3934 ||| DRINKING 2 fizzy orange potions.
  3935 | D:4      | 3935 ||| DRINKING 2 potions of curing.
  3935 | D:4      | 3935 ||| (to cure confusion)
  3936 | D:4      | 3936 ||| READING 2 scrolls of identify.
  3936 | D:4      | 3936 ||| IDENTIFYING metallic emerald potion
  3937 | D:4      | 3937 ||| DROPPING potion of ambrosia.
  3945 | D:5      | Entered Level 5 of the Dungeon
  3952 | D:5      | Reached * piety under Okawaru
  4021 | D:5      | 4021 ||| Stepping ~*~*~tactically~*~*~ (stealth).
  4030 | D:5      | Reached skill level 1 in Invocations
  4030 | D:5      | Reached XP level 8. HP: 48/63 MP: 8/8
  4034 | D:5      | 4034 ||| FLEEEEING.
  4036 | D:5      | 4036 ||| FLEEEEING.
  4037 | D:5      | 4037 ||| FLEEEEING.
  4038 | D:5      | 4038 ||| FLEEEEING.
  4039 | D:5      | 4039 ||| FLEEEEING.
  4040 | D:5      | 4040 ||| FLEEEEING.
  4041 | D:5      | 4041 ||| FLEEEEING.
  4042 | D:5      | 4042 ||| FLEEEEING.
  4043 | D:5      | 4043 ||| STAIRDANCE
  4121 | D:5      | Found Ritzowk's Jewellery Shop.
  4131 | D:5      | 4131 ||| SHOPLISTING +5 ring of evasion (468 gold, have
                  | 282).
  4131 | D:5      | 4131 ||| SHOPLISTING amulet "Jogoss" {Spirit rN+ Will-
                  | Int+3 SInv} (617 gold, have 282).
  4131 | D:5      | 4131 ||| SHOPLISTING amulet of reflection (390 gold, have
                  | 282).
  4131 | D:5      | 4131 ||| SHOPLISTING ring "Liuz" {*Slow rN++ MP+9 Int+4
                  | Slay+4 SInv} (796 gold, have 282).
  4131 | D:5      | 4131 ||| SHOPLISTING ring of Fonoel {rPois Slay+3 Stlth+}
                  | (551 gold, have 282).
  4131 | D:5      | 4131 ||| SHOPLISTING ring of ice (325 gold, have 282).
  4131 | D:5      | 4131 ||| BUYING ring of see invisible (195 gold).
  4131 | D:5      | Bought a ring of see invisible for 195 gold pieces
  4237 | D:5      | 4237 ||| Stepping ~*~*~tactically~*~*~ (hiding).
  4316 | D:5      | 4316 ||| Stepping ~*~*~tactically~*~*~ (hiding).
  4471 | D:5      | Found a sacrificial altar of Ru.
  4628 | D:5      | 4628 ||| Stepping ~*~*~tactically~*~*~ (hiding).
  4657 | D:5      | 4657 ||| UPGRADING to +0 chain mail.
  4663 | D:5      | 4663 ||| INVOKING Heroism.
  4669 | D:5      | 4669 ||| UPGRADING to +0 chain mail.
  4677 | D:5      | 4677 ||| INVOKING Heroism.
  4681 | D:5      | 4681 ||| UPGRADING to +0 chain mail.
  4688 | D:5      | 4688 ||| INVOKING Heroism.
  4693 | D:5      | 4693 ||| UPGRADING to +0 chain mail.
  4704 | D:5      | 4704 ||| UPGRADING to +0 chain mail.
  4715 | D:5      | 4715 ||| UPGRADING to +0 chain mail.
  4719 | D:5      | HP: 15/63 [kobold brigand/+0 dagger (5)]
  4720 | D:5      | 4720 ||| DRINKING 2 potions of heal wounds.
  4727 | D:5      | 4727 ||| UPGRADING to +0 chain mail.
  4738 | D:5      | 4738 ||| UPGRADING to +0 chain mail.
  4749 | D:5      | 4749 ||| UPGRADING to +0 chain mail.
  4760 | D:5      | 4760 ||| UPGRADING to +0 chain mail.
  4771 | D:5      | 4771 ||| UPGRADING to +0 chain mail.
  4773 | D:5      | HP: 14/63 [kobold brigand/+0 dagger (4)]
  4774 | D:5      | 4774 ||| DRINKING potion of heal wounds.
  4783 | D:5      | 4783 ||| UPGRADING to +0 chain mail.
  4794 | D:5      | 4794 ||| UPGRADING to +0 chain mail.
  4805 | D:5      | 4805 ||| UPGRADING to +0 chain mail.
  4809 | D:5      | HP: 15/63 [kobold/+0 short sword (2)]
  4816 | D:5      | 4816 ||| UPGRADING to +0 chain mail.
  4827 | D:5      | 4827 ||| UPGRADING to +0 chain mail.
  4830 | D:5      | HP: 13/63 [kobold/+0 short sword (4)]
  4838 | D:5      | 4838 ||| UPGRADING to +0 chain mail.
  4843 | D:5      | HP: 12/63 [kobold brigand/+0 dagger (4)]
  4848 | D:5      | HP: 6/63 [kobold/+0 short sword (2)]
  4849 | D:5      | 4849 ||| UPGRADING to +0 chain mail.
  4857 | D:5      | HP: 3/63 [kobold brigand/+0 dagger (2)]
  4859 | D:5      | Slain by a kobold brigand

Levels and vault maps discovered:
D:1:      scummos_arrival_forest, layout_basic
D:2:      layout_basic, uniq_natasha
D:3:      layout_loops_ring, marbit_many_paths, trog_book,
          lemuel_zombie_altar_kikubaaqudgha, kennysheep_jessica_study,
          uniq_crazy_yiuf_cottage, uniq_robin
D:4:      layout_basic, mainiacjoe_overflow_small_starburst,
          yredelemnul_altar_generic, portal_sewer_entry_a, minmay_ruptured
D:5:      layout_loops_cross, mainiacjoe_overflow_alcove_1, serial_shops,
          nicolae_lakefront_shop, lexackson_kobold_supper

Skill      XL: |  1  2  3  4  5  6  7 |
---------------+----------------------+-----
Axes           | 2 3 4 5 6 |  6.4
Fighting       | 13 | 13.3
Dodging        | 1 |  1.0
Invocations    | 1 |  1.8
Armour         | |  3.2
Shields        | |  3.2

Action                     |  1- 3 |  4- 6 |  7- 9 || total
---------------------------+-------+-------+-------++-------
  Melee: War axe           |    97 |   156 |    93 ||   346
 Invoke: Heroism           |       |       |     3 ||     3
    Use: Scroll            |     4 |     6 |     4 ||    14
         Potion            |     1 |     6 |     5 ||    12
 Armour: Scale mail        |    55 |    83 |   305 ||   443
  Dodge: Dodged            |    46 |    75 |   126 ||   247
  Block: Buckler           |    22 |    29 |    20 ||    71

Table legend:
 A = Non-vault XP
 B = Vault XP
 C = Vault XP percentage of total XP
 D = Non-vault monster count
 E = Vault monster count
 F = Vault count percentage of total count
                 A         B        C        D         E       F
            +---------+---------+-------+---------+---------+-------
      Total |     903 |     273 |  23.2 |      88 |      51 |  36.7
            +---------+---------+-------+---------+---------+-------
        D:1 |      30 |       0 |   0.0 |      18 |       0 |   0.0
        D:2 |      64 |      35 |  35.4 |      16 |       1 |   5.9
        D:3 |      29 |      81 |  73.6 |      17 |      17 |  50.0
        D:4 |     465 |      35 |   7.0 |      26 |       9 |  25.7
        D:5 |     315 |       2 |   0.6 |      11 |       2 |  15.4
      Sewer |       0 |     120 | 100.0 |       0 |      22 | 100.0
            +---------+---------+-------+---------+---------+-------
